AoeStats
← VastStarling392

Arena

509936560Analyzed
2v2 RM · 4d ago on Sep 28, 2026· 44m 22s· 4 players
Game mode
Random Map
Map size
Medium (4 player)
Population
200
Speed
Normal
Resources
Standard
Victory
Conquest
Starting age
Dark Age
Ending age
Imperial Age
RankedLock teamsTeams togetherTeam positionsShared explorationLock speedFull tech treeHidden civsTurbo modeCheats
Victory
Defeat
🇨🇿 Khmer · Czechia
954
+16
🇨🇿 Franks · Czechia
938
+16
🇩🇪 Teutons · Germany
957
-16
950
-16
niqca123
10:50 Feudal Age
11:34 Double-Bit Axe
17:08 Castle Age
20:10 Bow Saw
28:03 Imperial Age
27:09 Gold Mining
28:03 Stone Mining
31:43 Chemistry
32:25 Wheelbarrow
31:57 Cavalier
34:36 Fletching
34:57 Forging
34:52 Scale Barding Armor
37:39 Iron Casting
39:57 Husbandry
41:06 Chain Barding Armor
40:59 Chivalry
42:23 Paladin
VastStarling392
9:54 Feudal Age
12:24 Double-Bit Axe
12:58 Gold Mining
13:55 Horse Collar
18:28 Castle Age
16:50 Stone Mining
19:52 Heavy Plow
22:08 Loom
27:38 Fortified Wall
33:45 Imperial Age
32:27 Stone Shaft Mining
32:08 Masonry
34:23 Wheelbarrow
33:51 Caravan
34:47 Bow Saw
35:33 Fletching
36:05 Ballistics
36:16 Architecture
37:12 Hand Cart
36:44 Town Watch
37:21 Heavy Scorpion
37:23 Onager
38:56 Gold Shaft Mining
39:31 Conscription
39:48 Hoardings
40:49 Bloodlines
42:01 Double Crossbow
43:01 Forging
42:56 Scale Barding Armor
42:49 Bodkin Arrow
43:02 Husbandry
42:24 Light Cavalry
Nikolaus Thaddäus von Gönner
11:25 Feudal Age
15:35 Castle Age
16:42 Double-Bit Axe
16:39 Horse Collar
16:55 Gold Mining
20:25 Fletching
22:00 Wheelbarrow
21:55 Crossbowman
23:58 Hand Cart
23:30 Town Watch
23:31 Loom
24:32 Gold Shaft Mining
26:13 Stone Mining
29:57 Caravan
33:32 Imperial Age
31:23 Heavy Plow
31:41 Bow Saw
34:10 Coinage
33:48 Bodkin Arrow
33:34 Pikeman
34:14 Squires
34:34 Town Patrol
36:39 Scale Mail Armor
36:42 Bracer
37:07 Ballistics
38:08 Arbalester
39:08 Chain Mail Armor
39:34 Fortified Wall
39:50 Warwolf
39:28 Halberdier
41:54 Plate Mail Armor
42:02 Conscription
Oberst_Klink
11:36 Feudal Age
10:32 Loom
16:08 Castle Age
15:33 Horse Collar
15:42 Double-Bit Axe
19:04 Bow Saw
24:18 Ballistics
24:55 Squires
26:01 Heavy Plow
25:56 Gold Mining
30:41 Imperial Age
30:46 Fortified Wall
31:16 Scale Mail Armor
31:07 Fletching
31:27 Forging
31:30 Capped Ram
31:39 Pikeman
32:51 Conscription
32:58 Conscription
35:05 Bodkin Arrow
36:12 Chain Mail Armor
38:31 Iron Casting
41:28 Elite Teutonic Knight
43:28 Wheelbarrow
Connection lost

Rejoining the realm…

Still unreachable

The connection could not be restored.

Session expired

The server has moved on; the page needs a fresh start.